 Dungeon Sprint DCSS version 0.31-a0-662-g684573625c (webtiles) character file.

Game seed: 11718800259122934389

15834 fingers the Crack Shot (level 12, -13/159 HPs)
             Began as a Minotaur Hunter on Aug 31, 2023.
             Mangled by an azure jelly (30 damage)
             ... in the Dungeon (Sprint V: "Ziggurat Sprint").
             The game lasted 00:08:20 (1064 turns).

fingers the Crack Shot (Minotaur Hunter)            Turns: 1064, Time: 00:08:20

Health: -13/159    AC: 36    Str: 32    XL:     12   Next: 4%
Magic:  7/11       EV:  9    Int: 10    God:
Gold:   0          SH:  5    Dex: 15    Spells: 11/11 levels left

rFire   . . .        D - +27 heavy crossbow "Sniper" {heavy, Acc+∞ SInv}
rCold   . . .        (shield currently unavailable)
rNeg    + . .        E - +15 Maxwell's patent armour {-Cast -Tele rElec Will+ rCorr}
rPois   .            (helmet restricted)
rElec   +            (no cloak)
rCorr   +            H - +2 pair of gloves {infuse}
SInv    +            (no boots)
Will    +....        G - amulet "Omimeox" {Reflect Fragile rN+ Int+4 SH+5} Stlth
                     B - +6 ring of strength
HPRegen 0.46/turn    C - +6 ring of strength
MPRegen 0.12/turn

%: no teleportation, no spellcasting, reflection, infuse magic (1 MP)
@: berserking (expiring), studying Spellcasting, very quick
A: horns 2, retaliatory headbutt
a: no special abilities


You were in the Dungeon.
You visited 1 branch

Inventory:

Hand Weapons
 a - a +0 shortbow
 j - a +5 triple crossbow
 D - the +27 heavy crossbow "Sniper" (weapon) {heavy, Acc+∞ SInv}
   (You found it in the Dungeon)

   Acc+∞: It never misses its target.
   SInv:      It lets you see invisible.
 O - the +7 lajatang of Order {silver, rMut}
   (You found it in the Dungeon)

   rMut:      It protects you from mutation.
 R - the +10 morningstar "Eos" {elec, Halo rElec}
   (You found it in the Dungeon)

   Halo:      It grants its wielder a halo, revealing invisible creatures and
   increasing accuracy against all within it other than the wielder.
   rElec:     It insulates you from electricity.
Armour
 c - a +0 leather armour
 E - the +15 Maxwell's patent armour (worn) {-Cast -Tele rElec Will+ rCorr}
   (You found it in the Dungeon)

   rElec:     It insulates you from electricity.
   Will+:     It increases your willpower.
   -Cast:     It prevents spellcasting.
   -Tele:     It prevents most forms of teleportation.
   rCorr:     It protects you from acid and corrosion.
 H - a +2 pair of gloves of infusion (worn)
Jewellery
 w - a ring of flight
 x - a +6 ring of dexterity
 y - a +6 ring of dexterity
 z - a +6 ring of intelligence
 A - a +6 ring of intelligence
 B - a +6 ring of strength (left hand)
 C - a +6 ring of strength (right hand)
 G - the amulet "Omimeox" (around neck) {Reflect Fragile rN+ Int+4 SH+5}
   (You found it in the Dungeon)

   [amulet of reflection]

   Reflect:   It reflects blocked missile attacks.
   Int+4:     It affects your intelligence (+4).
   rN+:       It protects you from negative energy.
   Fragile:   It will be destroyed if unequipped.
   SH+5:      It affects your SH (+5).
 J - an amulet of regeneration
 M - the ring "Sesaf" {Fire *Slow rN+ Int+6}
   (You found it in the Dungeon)

   [ring of fire]

   Fire:      It enhances your fire magic.
   Int+6:     It affects your intelligence (+6).
   rF+:       It protects you from fire.
   rC-:       It makes you vulnerable to cold.
   rN+:       It protects you from negative energy.
   *Slow:     It may slow you when you take damage.
 N - a ring of protection from cold
 P - a +6 ring of dexterity
 Q - a +5 ring of evasion
Wands
 r - a wand of polymorph (5)
 t - a wand of mindburst (18)
 u - a wand of iceblast (8)
 v - a wand of acid (8)
 I - a wand of paralysis (16)
 L - a wand of flame (17)
Scrolls
 b - a scroll of butterflies
 i - 4 scrolls of blinking
 k - 4 scrolls of amnesia
 l - 7 scrolls of fog
 m - 5 scrolls of identify
 n - a scroll of fear
 K - 4 scrolls of enchant armour
Potions
 d - 7 potions of curing
 e - a potion of heal wounds
 f - 8 potions of haste
 g - 7 potions of magic
 h - 2 potions of berserk rage
 o - 2 potions of brilliance
 p - 2 potions of invisibility
 q - 4 potions of resistance
 s - 4 potions of might
Miscellaneous
 F - a phantom mirror


   Skills:
 + Level 10.0 Fighting
 * Level 25.5 Ranged Weapons
 * Level 16.3 Armour
 - Level 2.1 Dodging
 - Level 0.7 Stealth
 - Level 2.3 Shields
 + Level 4.1 Evocations


You had 11 spell levels left.
You didn't know any spells.
Your spell library contained the following spells:

 Spells                   Type           Power      Damage    Failure   Level
 Apportation              Tloc           0%         N/A       86%         1
 Necrotise                Necr           0%         1d4       86%         1
 Summon Small Mammal      Summ           0%         N/A       86%         1
 Poisonous Vapours        Pois/Air       0%         N/A       95%         2
 Sublimation of Blood     Necr           0%         N/A       95%         2
 Wereblood                Tmut           0%         N/A       95%         2
 Airstrike                Air            0%         2d(0-16)  100%        4
 Animate Dead             Necr           0%         N/A       100%        4
 Olgreb's Toxic Radiance  Pois           0%         N/A       100%        4
 Borgnjor's Vile Clutch   Necr/Erth      0%         N/A       100%        5
 Irradiate                Conj/Tmut      0%         3d11      100%        5
 Death Channel            Necr           0%         N/A       100%        6
 Summon Hydra             Summ           0%         N/A       100%        7
 Discord                  Hex            0%         N/A       100%        8
 Ignition                 Fire           0%         3d3       100%        8
 Summon Horrible Things   Summ           0%         N/A       100%        8
 Chain Lightning          Conj/Air       0%         N/A       100%        9
 Fire Storm               Conj/Fire      0%         5d1       100%        9
 Shatter                  Erth           0%         3d5*      100%        9


Dungeon Overview and Level Annotations

Branches:
Dungeon (1/1)

Altars:
Ashenzari
Cheibriados
Dithmenos
Elyvilon
Fedhas
Gozag
Hepliaklqana
Kikubaaqudgha
Makhleb
Nemelex Xobeh
Okawaru
Qazlal
Ru
Sif Muna
Trog
Uskayaw
Vehumet
Wu Jian
Xom
Yredelemnul
Zin
The Shining One
Jiyva
Lugonu


Innate Abilities, Weirdness & Mutations

You have a pair of horns on your head.
You reflexively headbutt those who attack you in melee.


Message History

You clumsily bash the rockslime but do no damage.
You headbutt the rockslime!
The rockslime is moderately wounded.
The rockslime hits you.
You hold your ground!
The azure jelly hits you but does no damage.
The azure jelly closely misses you. The azure jelly hits you.
The azure jelly hits you but does no damage.
The floating eye gazes piercingly through you!
You suddenly lose the ability to move!
Two slime creatures merge to form a very large slime creature.
The rockslime hits you but does no damage.
The rockslime barely misses you.
The azure jelly hits you but does no damage. x4
The rockslime hits you.
You hold your ground!
The azure jelly hits you but does no damage.
The azure jelly hits you. The azure jelly freezes you!!!
The azure jelly hits you but does no damage. x2
The rockslime hits you but does no damage.
The jelly hits you but does no damage. The rockslime hits you!
You hold your ground!
The azure jelly hits you but does no damage.
The azure jelly completely misses you.
The azure jelly hits you but does no damage.
The azure jelly hits you. The rockslime hits you.
* * * LOW HITPOINT WARNING * * *
You hold your ground!
The rockslime hits you!!
* * * LOW HITPOINT WARNING * * *
You hold your ground!
You can move again.
You are too berserk!
You are too berserk!
You clumsily bash the jelly.
Your hands burn!
* * * LOW HITPOINT WARNING * * *
You headbutt the jelly!
The jelly is severely wounded.
The rockslime barely misses you. You furiously retaliate!
You headbutt the rockslime!! The azure jelly hits you.
* * * LOW HITPOINT WARNING * * *
The azure jelly freezes you!!
You die...

▓...)|....▓.
▓..))))[..▓..).).|..▓.
▓.........▓.........▓.
.........▓.........▓.
▓ ....... ▓.........▓.
▓. ..... .▓..†......▓.
▓..▓JJ.▓..▓.........▓.
▓.▓.JJJJ▓.▓.▓.....▓.▓.
▓...J@JG..▓....©....▓▓
▓▓▓▓▓▓▓▓▓▓▓▓▓▓▓▓▓▓▓▓▓


You could see 2 azure jellies, a very large slime creature, 3 rockslimes, 2
jellies and a floating eye.

Vanquished Creatures
  A shadow dragon (D)
  A ghoul (D)
  2 dancing weapons (D)
  2 soul eaters (D)
  A deep elf knight (D)
  3 deep elf zephyrmancers (D)
  3 draconians (D)
  3 merfolk (D)
  2 hornets (D)
  A wind drake (D)
  4 spriggans (D)
  A black bear (D)
  2 wolves (D)
  2 centaurs (D)
  A phantom (D)
  2 necrophages (D)
  6 wights (D)
  An orc priest (D)
  3 orc wizards (D)
  2 adders (D)
  A spectral adder (D)
  An adder skeleton (D)
  4 adder zombies (D)
  An orc (D)
  A spectral bat (D)
  2 ball pythons (D)
  A bat skeleton (D)
  3 bat zombies (D)
  A ball python skeleton (D)
  A ball python zombie (D)
  A giant cockroach zombie (D)
  A jackal skeleton (D)
  A quokka skeleton (D)
62 creatures vanquished.

Vanquished Creatures (collateral kills)
  A deep elf zephyrmancer (D)
  2 deep elf pyromancers (D)
3 creatures vanquished.

Vanquished Creatures (others)
  A water elemental (D)
1 creature vanquished.

Grand Total: 66 creatures vanquished

Notes
Turn   | Place    | Note
-------+----------+-------------------------------------------
     0 | D        | fingers the Minotaur Hunter began the quest for the Orb.
     0 | D        | Reached XP level 1. HP: 18/18 MP: 0/0
     2 | D        | Found a blossoming altar of Fedhas.
     2 | D        | Found the +6 Majin-Bo {spellvamp, MP+6 Int+6}
     2 | D        | Found the +27 heavy crossbow "Sniper" {heavy, Acc+∞ SInv}
     2 | D        | Found the +10 dark maul {heavy}
     2 | D        | Found the +15 Maxwell's patent armour {-Cast -Tele rElec
                  | Will+ rCorr}
     2 | D        | Found the +18 shield of the Gong {Loud rN+ Will+ rCorr
                  | EV-5}
     2 | D        | Found the +16 obsidian axe {drain, demonic, Mesm Drain Fly
                  | SInv}
     2 | D        | Found the +7 great mace "Firestarter" {flame, immolate,
                  | rFlCloud rF++}
     2 | D        | Found the +6 shillelagh "Devastator" {shatter}
     2 | D        | Found the +11 plutonium sword {Contam Stlth-}
     2 | D        | Found the +8 lance "Wyrmbane" {slay drac, rPois rF+ rC+
                  | AC+3}
     2 | D        | Found the +9 sword of Zonguldrok {reap}
     2 | D        | Found the +13 scythe of Curses {drain, curses, Drain}
     2 | D        | Found the +9 sword of Power {lifebolt}
     2 | D        | Found the +7 mace of Variability {chaos, chaos arc}
     2 | D        | Found the +11 Singing Sword {sonic wave}
     2 | D        | Found the +8 storm bow {elec, penet}
     3 | D        | Found a viscous altar of Jiyva.
     3 | D        | Found a hazy altar of Hepliaklqana.
     3 | D        | Found a transporter.
     3 | D        | Found an opulent altar of Gozag.
     3 | D        | Found an ancient bone altar of Kikubaaqudgha.
     3 | D        | Found a corrupted altar of Lugonu.
    13 | D        | Found a burning altar of Makhleb.
    14 | D        | Found a stormy altar of Qazlal.
    14 | D        | Found a sacrificial altar of Ru.
    14 | D        | Found an iron altar of Okawaru.
    14 | D        | Found a shimmering blue altar of Sif Muna.
    14 | D        | Found a sparkling altar of Nemelex Xobeh.
    14 | D        | Found a bloodstained altar of Trog.
    51 | D        | Entered arena 2.
    51 | D        | Noticed a wight
    51 | D        | Found a transporter.
    58 | D        | Killed a wight
    59 | D        | Reached skill level 8 in Ranged Weapons
    59 | D        | Reached XP level 2. HP: 13/26 MP: 1/1
    59 | D        | Reached XP level 3. HP: 16/31 MP: 2/2
   122 | D        | Entered arena 3.
   122 | D        | Noticed a draconian
   122 | D        | Noticed a draconian
   122 | D        | Noticed a draconian
   122 | D        | Found a transporter.
   125 | D        | Killed a draconian
   126 | D        | Reached skill level 14 in Ranged Weapons
   126 | D        | Reached skill level 5 in Armour
   126 | D        | Reached XP level 4. HP: 22/41 MP: 3/3
   126 | D        | Reached XP level 5. HP: 25/47 MP: 4/4
   126 | D        | Reached XP level 6. HP: 28/53 MP: 5/5
   127 | D        | Killed a draconian
   128 | D        | Reached skill level 5 in Fighting
   128 | D        | Reached skill level 16 in Ranged Weapons
   128 | D        | Reached XP level 7. HP: 40/61 MP: 6/6
   128 | D        | Killed a draconian
   129 | D        | Reached skill level 17 in Ranged Weapons
   129 | D        | Reached XP level 8. HP: 47/70 MP: 7/7
   212 | D        | Entered arena 4.
   212 | D        | Found a transporter.
   224 | D        | Got the amulet "Omimeox" {Reflect Fragile rN+ Int+4 SH+5}
   240 | D        | Entered arena 5.
   240 | D        | Noticed a deep elf pyromancer
   240 | D        | Noticed a deep elf zephyrmancer
   240 | D        | Noticed a deep elf knight
   240 | D        | Noticed a deep elf pyromancer
   240 | D        | Found a transporter.
   242 | D        | Killed a deep elf knight
   243 | D        | Reached skill level 19 in Ranged Weapons
   247 | D        | Killed a deep elf zephyrmancer
   248 | D        | Reached skill level 20 in Ranged Weapons
   248 | D        | Reached XP level 9. HP: 32/78 MP: 8/8
   249 | D        | Killed a deep elf pyromancer
   249 | D        | Killed a deep elf pyromancer
   250 | D        | Reached skill level 21 in Ranged Weapons
   250 | D        | Reached skill level 1 in Shields
   364 | D        | Entered arena 6.
   364 | D        | Found a transporter.
   388 | D        | Got the Elucidation of Formation
   394 | D        | Entered arena 7.
   394 | D        | Noticed a wind drake
   394 | D        | Noticed a merfolk
   394 | D        | Noticed a merfolk
   394 | D        | Noticed a merfolk
   396 | D        | Killed a merfolk
   397 | D        | Killed a merfolk
   398 | D        | Reached skill level 10 in Armour
   400 | D        | Killed a wind drake
   401 | D        | Reached skill level 1 in Evocations
   403 | D        | Reached skill level 22 in Ranged Weapons
   403 | D        | Killed a merfolk
   404 | D        | Reached XP level 10. HP: 79/88 MP: 9/9
   429 | D        | Found a transporter.
   444 | D        | Reached XP level 11. HP: 93/93 MP: 10/10
   446 | D        | Entered arena 8.
   446 | D        | Noticed a +3 vampiric hand axe
   446 | D        | Noticed a deep elf zephyrmancer
   446 | D        | Noticed a +2 mace of holy wrath
   446 | D        | Noticed a deep elf zephyrmancer
   446 | D        | Noticed a deep elf zephyrmancer
   447 | D        | Killed a +3 vampiric hand axe
   448 | D        | Reached skill level 23 in Ranged Weapons
   448 | D        | Killed a +2 mace of holy wrath
   456 | D        | Killed a deep elf zephyrmancer
   456 | D        | Killed a deep elf zephyrmancer
   458 | D        | Killed a deep elf zephyrmancer
   574 | D        | Found a transporter.
   587 | D        | Entered arena 9.
   587 | D        | Noticed a spriggan rider
   587 | D        | Noticed a spriggan rider
   593 | D        | Reached skill level 24 in Ranged Weapons
   598 | D        | Found a transporter.
   600 | D        | Killed a spriggan rider
   604 | D        | Killed a spriggan rider
   790 | D        | Entered arena 10.
   797 | D        | Found a transporter.
   812 | D        | Got the ring "Sesaf" {Fire *Slow rN+ Int+6}
   824 | D        | Entered arena 11.
   824 | D        | Found the +7 lajatang of Order {silver, rMut}
   832 | D        | Found a transporter.
   858 | D        | Entered arena 12.
   858 | D        | Noticed a soul eater
   859 | D        | Noticed a soul eater
   860 | D        | Noticed a ghoul
   864 | D        | Killed a soul eater
   864 | D        | Noticed a shadow dragon
   865 | D        | Reached skill level 15 in Armour
   872 | D        | Killed a ghoul
   873 | D        | Reached skill level 25 in Ranged Weapons
   874 | D        | Found the +10 morningstar "Eos" {elec, Halo rElec}
   876 | D        | Killed a soul eater
   882 | D        | Killed a shadow dragon
   883 | D        | Reached skill level 10 in Fighting
   883 | D        | Reached XP level 12. HP: 56/106 MP: 11/11
  1028 | D        | Found a transporter.
  1036 | D        | Got the Directory of Feathers
  1053 | D        | Entered arena 13.
  1053 | D        | Noticed an azure jelly
  1053 | D        | Noticed a rockslime
  1053 | D        | Noticed an azure jelly
  1054 | D        | Noticed a rockslime
  1054 | D        | Noticed a rockslime
  1055 | D        | Paralysed by a floating eye for 4 turns
  1061 | D        | Paralysed by a floating eye for 3 turns
  1064 | D        | Mangled by an azure jelly

Illustrated notes

Levels and vault maps discovered:
D:        sprint_v [room_start, room_1, room_2, room_3, room_4, room_5, room_6,
          room_7, room_8, room_9, room_10, room_11, room_12, room_13, room_14,
          room_15, room_16, room_17, room_18, room_19, room_20, room_21,
          room_22, room_23, room_24, room_25, room_26, room_27]

Skill      XL: |  1  2  3  4  5  6  7  8  9 10 11 |
---------------+----------------------------------+-----
Fighting       | 3 4 5 6 7 10 | 10.0
Ranged Weapons | 8 14 16 17 20 22 25 | 25.5
Armour         | 2 5 6 7 8 10 16 | 16.3
Shields        | 2 |  2.3
Evocations     | 1 3 4 |  4.1
Dodging        | |  2.1
Stealth        | |  0.7

Action                     |  1- 3 |  4- 6 |  7- 9 | 10-12 || total
---------------------------+-------+-------+-------+-------++-------
  Melee: Heavy crossbow    |       |       |       |     4 ||     4
         Headbutt          |       |       |       |     2 ||     2
   Fire: Triple crossbow   |     4 |       |       |       ||     4
         Heavy crossbow    |     3 |     1 |    21 |    52 ||    77
  Evoke: Phantom mirror    |       |       |     3 |     2 ||     5
         Wand              |       |       |       |     1 ||     1
    Use: Potion            |       |     1 |     2 |    14 ||    17
         Scroll            |       |       |       |     1 ||     1
 Armour: Plate armour      |    40 |     4 |    63 |   156 ||   263
  Dodge: Dodged            |    12 |     3 |    22 |    66 ||   103
  Block: Other             |       |       |    12 |    32 ||    44
         Reflection        |       |       |     3 |       ||     3

Table legend: (Time is in decaauts)
 A = Elapsed time spent in this place.
 B = Non-inter-level travel time spent in this place.
 C = Inter-level travel time spent in this place.
 D = Time resting spent in this place.
 E = Time spent auto-exploring this place.
 F = Levels seen in this place.
 G = Mean time per level.
                   A        B        C        D        E       F      G
               +--------+--------+--------+--------+--------+-----+--------+
         Total |   1134 |   1130 |      4 |      0 |    730 |   1 | 1134.0 |
       Dungeon |   1134 |   1130 |      4 |      0 |    730 |   1 | 1134.0 |
               +--------+--------+--------+--------+--------+-----+--------+

Top non-repeatable levels by time:
       D: 1134 daAuts
